 Dungeon Crawl Stone Soup version 0.19.1 (webtiles) character file.

94 Darkmans the Sneak (level 4, 4/22 HPs)
             Began as a Spriggan Assassin on Dec 13, 2016.
             Quit the game on level 4 of the Dungeon.
             The game lasted 00:08:35 (3304 turns).

Darkmans the Sneak (Spriggan Assassin)              Turns: 3304, Time: 00:08:35

Health: 4/22       AC:  3    Str:  7    XL:     4   Next: 38%
Magic:  5/5        EV: 17    Int: 12    God:
Gold:   144        SH:  0    Dex: 18    Spells: 0 memorised, 3 levels left

rFire  . . .     SeeInvis +     b - +0 blowgun
rCold  + . .     Gourm    .     c - +0 robe
rNeg   . . .     Faith    .     (shield restricted)
rPois  .         Spirit   .     (helmet restricted)
rElec  .         Reflect  .     d - +1 cloak
rCorr  .         Harm     .     (gloves unavailable)
MR     .....     Rnd*Tele +     (boots unavailable)
Stlth  ++++......               (no amulet)
                                (no ring)
                                j - ring of teleportation (curse)

@: lethally poisoned (4 -> -5), very quick
A: unfitting armour, see invisible, cold resistance 1, deformed body, herbivore
3, speed 3, slow metabolism 2, subdued magic 1, MP-powered wands
a: no special abilities


You were on level 4 of the Dungeon.
You were not hungry.

You visited 1 branch of the dungeon, and saw 4 of its levels.

You collected 144 gold pieces.

Inventory:

Hand Weapons
 b - a +0 blowgun (weapon)
 o - a +1 dagger of speed
Missiles
 e - 29 poisoned needles (quivered)
 f - 2 curare-tipped needles
Armour
 c - a +0 robe (worn)
 d - a +1 cloak (worn)
Jewellery
 j - a cursed ring of teleportation (left hand)
Scrolls
 a - a scroll of enchant armour
 i - 2 scrolls of teleportation
 k - a scroll of amnesia
 p - a scroll of recharging
Potions
 h - a potion of agility
 l - 3 potions of might
Comestibles
 g - 4 bread rations


   Skills:
 - Level 1.5 Fighting
 + Level 3.8 Short Blades
 - Level 2.0 Throwing
 - Level 1.5 Dodging
 + Level 7.6 Stealth


You had 3 spell levels left.
You didn't know any spells.

Dungeon Overview and Level Annotations

Branches:
Dungeon (4/15)
 Temple: D:4-7

Altars:
Gozag
Trog
Uskayaw
Vehumet
Xom


Innate Abilities, Weirdness & Mutations

You are very small and have problems with some larger weapons.
You are too small for most types of armour.
You have supernaturally acute eyesight. (SInv)
You are a herbivore.
You cover ground extremely quickly.
You need consume almost no food.
Your flesh is cold resistant. (rC+)
Armour fits poorly on your strangely shaped body.
Your spells are a little easier to cast, but a little less powerful.
You expend magic power (3 MP) to strengthen your wands.


Message History

Press: ? - help, Shift-Dir - straight line, f - worker ant
Aim: a worker ant You shoot a poisoned needle.
The poisoned needle hits the worker ant.
The worker ant is poisoned.
The worker ant bites you.
You are poisoned.
The worker ant poisons you!
Firing (i - inventory. (,) - cycle):
e - 30 poisoned needles (quivered)
Press: ? - help, Shift-Dir - straight line, f/p - worker ant
Aim: a worker ant (lightly wounded, poisoned)
You shoot a poisoned needle.
The poisoned needle hits the worker ant.
The worker ant is lightly wounded.
You feel sick. The worker ant bites you!
* * * LOW HITPOINT WARNING * * *
An adder comes into view.
* * * LOW HITPOINT WARNING * * *
You feel sick.
Okay, then.
Are you sure you want to abandon this character and quit the game? (Confirm with "yes".)

........$.≈PP≈ ♣≈P≈....#
..o........PPP♣ ♣≈≈P≈...#
.....r......PPP♣♣≈≈≈≈...#
.............P♣≈♣≈≈P≈...#
..<.o.o...≈?PP♣≈≈≈PP≈...#
.......PP≈≈≈≈♣≈≈PPPP....#
#.....PPP≈≈≈♣P.PP.a(....##
#...>PP≈≈♣≈PPP.#..##.....#
......≈PPP≈P...<@.##.....#
.#...P≈PPPP#.#.....#.....#
##.##PPP≈# # #...........#
..# ...####.#...........##
##........<.......
.................#
##.........S####..
#.##...>...# #
#...........


You could see a worker ant and an adder (wandering).

Vanquished Creatures
  An orc wizard (D:3)
  2 adders
  3 leopard geckos
  2 orcs
  6 bats
  2 giant cockroaches
  5 goblins
  2 hobgoblins (D:1)
  4 jackals (D:1)
  A ball python (D:3)
  7 frilled lizards
  8 kobolds
  3 rats
46 creatures vanquished.

Notes
Turn   | Place    | Note
-------+----------+-------------------------------------------
     0 | D:1      | Darkmans the Spriggan Assassin began the quest for the Orb.
     0 | D:1      | Reached XP level 1. HP: 10/10 MP: 2/2
    58 | D:1      | Reached skill level 6 in Stealth
   251 | D:1      | Reached XP level 2. HP: 14/14 MP: 3/3
  1126 | D:2      | Reached XP level 3. HP: 8/18 MP: 4/4
  1408 | D:2      | Reached skill level 7 in Stealth
  1667 | D:2      | Gained mutation: Your flesh is cold resistant. (rC+) [potion of mutation]
  1668 | D:2      | Gained mutation: Armour fits poorly on your strangely shaped body. [potion of mutation]
  1668 | D:2      | Gained mutation: You expend magic power (3 MP) to strengthen your wands. [potion of mutation]
  1668 | D:2      | Gained mutation: Your spells are a little easier to cast, but a little less powerful. [potion of mutation]
  2400 | D:3      | Found a bloodstained altar of Trog.
  2400 | D:3      | Found a shimmering altar of Xom.
  2400 | D:3      | Found a radiant altar of Vehumet.
  2400 | D:3      | Found an opulent altar of Gozag.
  2911 | D:3      | Found a hide-covered altar of Uskayaw.
  3146 | D:3      | Reached XP level 4. HP: 22/22 MP: 5/5
  3151 | D:4      | Noticed an ogre
  3304 | D:4      | Quit the game

Skill      XL: |  1  2  3 |
---------------+----------+-----
Stealth        | 6 7 |  7.6
Short Blades   | 3 |  3.8
Fighting       | |  1.5
Throwing       | |  2.0
Dodging        | |  1.5

Action                   |  1- 3 |  4- 6 || total
-------------------------+-------+-------++-------
Melee: Dagger            |   150 |     1 ||   151
 Fire: Blowgun           |     7 |     2 ||     9
  Use: Scroll            |     9 |       ||     9
       Potion            |     2 |       ||     2
 Stab: Sleeping          |    16 |       ||    16
       Distracted        |     1 |       ||     1
Armor: Robe              |    18 |       ||    18
Dodge: Dodged            |    89 |     1 ||    90
